 Dungeon Crawl Stone Soup version 0.24.0-123-gd5b16e6ec5 (webtiles) character file.

Game seed: 15266872220092726454, levelgen mode: deterministic

23 AuftragZ the Charmwright (level 2, -1/27 HPs)
             Began as a Draconian Skald on Feb 3, 2020.
             Slain by a gnoll
             ... wielding a +0 spear
              (4 damage)
             ... on level 1 of the Dungeon.
             The game lasted 00:02:25 (862 turns).

AuftragZ the Charmwright (Draconian Skald)           Turns: 862, Time: 00:02:25

Health: -1/27      AC:  4    Str: 11    XL:     2   Next: 72%
Magic:  3/5        EV: 12    Int: 13    God:
Gold:   63         SH:  0    Dex: 10    Spells: 0/5 levels left

rFire    . . .     SeeInvis .   a - +1 short sword
rCold    . . .     Gourm    .   (no shield)
rNeg     . . .     Faith    .   (armour unavailable)
rPois    .         Spirit   .   (helmet restricted)
rElec    .         Reflect  .   (no cloak)
rCorr    .         Harm     .   (no gloves)
MR       +....                  (no boots)
Stlth    +.........             (no amulet)
HPRegen  0.09/turn              (no ring)
MPRegen  0.09/turn              (no ring)

@: no status effects
A: unfitting armour, magic resistance 1, robust 1, weak 1, cold-blooded, AC +4
a: no special abilities


You were on level 1 of the Dungeon.
You were not hungry.

You visited 1 branch of the dungeon, and saw 2 of its levels.

You collected 63 gold pieces.

Inventory:

Hand Weapons
 a - a +1 short sword (weapon)
Scrolls
 e - 2 scrolls of identify
Comestibles
 c - 3 rations


   Skills:
 + Level 2.3 Fighting
 + Level 2.2 Short Blades
 + Level 2.3 Dodging
 + Level 2.2 Spellcasting
 + Level 3.0 Charms


You couldn't memorise any spells.
You knew the following spells:

 Your Spells              Type           Power        Failure   Level  Hunger
a - Infusion              Chrm           #...         7%          1    ##.....
b - Song of Slaying       Chrm           #.......     11%         2    ###....
c - Shroud of Golubria    Chrm/Tloc      #.....       21%         2    ###....

Your spell library contained the following spells:

 Spells                   Type           Power        Failure   Level  Hunger
 Regeneration             Chrm/Necr      #.........   36%         3    ####...
 Spectral Weapon          Hex/Chrm       #.......     36%         3    ####...


Dungeon Overview and Level Annotations

Branches:
Dungeon (2/15)

Altars:


Innate Abilities, Weirdness & Mutations

Your plain brown scales are hard. (AC +4)
You cannot fit into any form of body armour.
You are cold-blooded and may be slowed by cold attacks.
You are resistant to hostile enchantments. (MR+)
You are robust. (+10% HP)
You are weak. (Str -2)


Message History

Found a scroll labeled SOB QUQUOZU and a ration.
There is a stone staircase leading up here.
The gnoll hits you but does no damage. The gnoll misses you.
You climb upwards.
There is a stone staircase leading down here.
Casting: Infusion (safe; 7% risk of failure)
Confirm with . or Enter, or press ? or * to list all spells.
Space distorts slightly along a thin shroud covering your body.
The gnoll hits you with a +3 whip!
Your shroud bends the gnoll's attack away!
The gnoll hits you with a +3 whip. The gnoll hits you but does no damage.
You closely miss the gnoll. The gnoll hits you with a +3 whip!
* * * LOW HITPOINT WARNING * * *
Your shroud falls apart!
The gnoll misses you.
You hit the gnoll.
The gnoll is heavily wounded.
The gnoll barely misses you.
The gnoll hits you from afar with a +0 spear.
You die...

............................#....
...................#.............
...>.....................>.......
##....###.(...................[..
..###.###(.....................##
..#........(.......#.........###
....#.#....(......)#.........##
...#............g.............#
......####.....>@..≈≈≈≈≈≈≈≈≈≈.#
...##.# ##...g....≈...)....≈.#
..###.# ##....≈≈.≈.≈≈.....≈.##
..# #.# ###.#.≈..≈>.≈.....≈..#
..# #.# ##.....≈..≈≈.≈.≈≈..≈..#
#.# #.# #..##..≈.....≈.<≈..≈..##
#.# #.####......≈.....≈≈.≈.≈≈....
#.# #.......###.≈........≈....###
..###.......# #.≈≈≈≈≈≈≈≈≈≈.#..###


You could see 2 gnolls.

Vanquished Creatures
  A dart slug (D:1)
  A leopard gecko (D:1)
  3 bats (D:1)
  2 giant cockroaches (D:1)
  A goblin (D:1)
  A hobgoblin (D:1)
  2 frilled lizards (D:1)
  3 kobolds (D:1)
  8 rats (D:1)
22 creatures vanquished.

Notes
Turn   | Place    | Note
-------+----------+-------------------------------------------
     0 | D:1      | AuftragZ the Draconian Skald began the quest for the Orb.
     0 | D:1      | Reached XP level 1. HP: 17/17 MP: 3/3
   139 | D:1      | Reached XP level 2. HP: 21/24 MP: 5/5
   228 | D:1      | Learned a level 2 spell: Song of Slaying
   231 | D:1      | Learned a level 2 spell: Shroud of Golubria
   442 | D:1      | Gained mutation: You are weak. (Str -2) [potion of
                  | mutation]
   442 | D:1      | Gained mutation: You are robust. (+10% HP) [potion of
                  | mutation]
   442 | D:1      | Gained mutation: You are resistant to hostile enchantments.
                  | (MR+) [potion of mutation]
   545 | D:1      | Reached skill level 3 in Charms
   862 | D:1      | Slain by a gnoll

Levels and vault maps discovered:
D:1:      ebering_trefoil_twist, layout_rooms, hangedman_decor_peaks_small
D:2:      layout_rooms, first_ration, chequers_serial_rivers_micro_d,
          uniq_jessica, uniq_sigmund, uniq_robin

Skill      XL: |  1  2 |
---------------+-------+-----
Charms         | 3 |  3.0
Fighting       | |  2.3
Short Blades   | |  2.2
Dodging        | |  2.3
Spellcasting   | |  2.2

Action                   || total
-------------------------++-------
Melee: Short sword       ||    76
       Tailslap          ||     6
 Cast: Infusion          ||     1
       Shroud of Golubri ||     1
  Use: Scroll            ||     3
       Potion            ||     3
Armor: Skin              ||    50
Dodge: Dodged            ||    89
